 Dungeon Sprint DCSS version 0.23.0-38-g208d714 (webtiles) character file.

Game seed: 17987562863717372507

203 Fang the Skirmisher (level 5, -4/38 HPs)
             Began as a Gargoyle Berserker on Feb 27, 2019.
             Was a Believer of Trog.
             Slain by a blink frog (7 damage)
             ... in the Dungeon (Sprint II: "The Violet Keep of Menkaure").
             The game lasted 00:00:50 (597 turns).

Fang the Skirmisher (Gargoyle Berserker)             Turns: 597, Time: 00:00:51

Health: -4/38      AC:  6    Str: 22    XL:     5   Next: 81%
Magic:  5/5        EV: 14    Int:  7    God:    Trog [**....]
Gold:   243        SH:  0    Dex:  9    Spells: 4/4 levels left

rFire    . . .     SeeInvis .   a - +0 hand axe
rCold    . . .     Gourm    .   (no shield)
rNeg     + . .     Faith    .   b - +0 animal skin
rPois    ∞         Spirit   .   (no helmet)
rElec    +         Reflect  .   (no cloak)
rCorr    .         Harm     .   (no gloves)
MR       .....     NoTele   +   (no boots)
Stlth    +.........             (no amulet)
HPRegen  0.12/turn              (no ring)
MPRegen  0.09/turn              (no ring)

@: no status effects
A: negative energy resistance 1, electricity resistance, unbreathing,
petrification resistance, rot immunity, AC +4
a: Berserk, Trog's Hand, Renounce Religion


You were in the Dungeon.
You worshipped Trog.
Trog was pleased with you.
You were very hungry.

You visited 1 branch You collected 243 gold pieces.

Inventory:

Hand Weapons
 a - a +0 hand axe (weapon)
Armour
 b - a +0 animal skin (worn)
Scrolls
 i - a scroll of blinking
 k - a scroll of enchant armour {unknown}
Potions
 d - a potion of curing
 e - a potion of heal wounds
 f - a potion of haste
 g - 2 potions of magic
 h - a potion of berserk rage
Comestibles
 c - a ration


   Skills:
 + Level 7.1 Fighting
 + Level 5.9 Axes
 + Level 6.6 Armour
 + Level 5.0 Dodging


You had 4 spell levels left.
You didn't know any spells.
Your spell library was empty.

Dungeon Overview and Level Annotations

Branches:
Dungeon (1/1)

Altars:

Shops:
D !!:?:[}%=[}=[!(}

Annotations:
D exclusion: oklob plant


Innate Abilities, Weirdness & Mutations

You are resistant to torment.
Your stone body is resilient. (AC +4)
You are immune to poison.
You resist negative energy. (rN+)
You are resistant to electric shocks. (rElec)
You can survive without breathing.
You are immune to petrification.
You are immune to rotting.


Message History

You are too injured to fight recklessly!
You are too injured to fight recklessly!
You are too injured to fight recklessly!
You are too injured to fight recklessly!
You are too injured to fight recklessly!
You are too injured to fight recklessly!
You are too injured to fight recklessly!
You are too injured to fight recklessly!
You are too injured to fight recklessly!
You are too injured to fight recklessly!
You are too injured to fight recklessly!
You are too injured to fight recklessly!
You are too injured to fight recklessly!
You are too injured to fight recklessly!
You barely miss the blink frog.
The blink frog is severely wounded.
The blink frog hits you.
* * * LOW HITPOINT WARNING * * *
The blink frog hits you!
You die...

## ≈##
############≈≈#+++#
###########≈≈≈....
##∩.......#≈≈≈≈.#
##.∩.....∩#≈≈≈≈#
##∩.∩...∩.#≈≈≈≈#
##.∩.∩F@.∩#≈≈### #
##..∩.∩.∩.#≈##.# #+# .#
##...∩.∩..#≈#..###.##H#
##....⌠...'≈'##.'.<.+#
##........#≈#..###.##H#
#▓▓▓▓▓▓▓###≈##.# #+# .#
##YJY######≈≈### #
#$Y$#H ##≈≈≈# #∩P[+H
#'#≈#


You could see a large slime creature, 3 yaks and a blink frog.

Vanquished Creatures
  2 crocodiles (D)
  4 worker ants (D)
6 creatures vanquished.

Notes
Turn   | Place    | Note
-------+----------+-------------------------------------------
     0 | D        | Fang the Gargoyle Berserker began the quest for the Orb.
     0 | D        | Reached XP level 1. HP: 14/14 MP: 1/1
     1 | D        | Noticed a hippogriff
     1 | D        | Noticed a hippogriff
     5 | D        | Noticed a worker ant
     5 | D        | Noticed a worker ant
     8 | D        | Killed a worker ant
     8 | D        | Reached skill level 4 in Fighting
     8 | D        | Reached XP level 2. HP: 20/20 MP: 2/2
    12 | D        | Reached skill level 5 in Fighting
    12 | D        | Reached XP level 3. HP: 23/26 MP: 3/3
    16 | D        | Reached ** piety under Trog
    16 | D        | Reached XP level 4. HP: 27/31 MP: 4/4
    19 | D        | Reached skill level 5 in Armour
   133 | D        | Found Jigiopn's Distillery.
   133 | D        | Found Boreo's Armour Boutique.
   133 | D        | Found Cetzif's Gadget Shop.
   133 | D        | Found Kiawu's Gadget Boutique.
   133 | D        | Found Vyluntokh's Antique Armour Boutique.
   133 | D        | Found Loulaj's Antique Weapon Boutique.
   134 | D        | Found Sucekaum's Jewellery Shop.
   134 | D        | Found Zeedohez's Jewellery Boutique.
   134 | D        | Found Atolier's Food Shop.
   134 | D        | Noticed a crocodile
   135 | D        | Found Hobovofu's Gadget Shop.
   135 | D        | Found Xacotid's Antique Armour Boutique.
   135 | D        | Noticed a yak
   136 | D        | Noticed a crocodile
   136 | D        | Noticed a yak
   139 | D        | Killed a crocodile
   139 | D        | Reached skill level 6 in Fighting
   139 | D        | Reached skill level 5 in Axes
   139 | D        | Reached XP level 5. HP: 36/36 MP: 5/5
   149 | D        | Killed a crocodile
   149 | D        | Reached skill level 7 in Fighting
   149 | D        | Reached skill level 5 in Dodging
   286 | D        | Found Ymips's Book Boutique.
   286 | D        | Found Pujanusk's Magic Scroll Shop.
   286 | D        | Noticed an oklob plant
   286 | D        | Noticed a slime creature
   286 | D        | Noticed a slime creature
   287 | D        | Found Qoth's Distillery.
   287 | D        | Found Giro's Book Shoppe.
   287 | D        | Found Retzeunoawn's Distillery.
   287 | D        | Noticed a slime creature
   288 | D        | Noticed a yak
   298 | D        | Noticed a manticore
   298 | D        | Noticed a manticore
   318 | D        | Noticed a blink frog
   597 | D        | Slain by a blink frog

Skill      XL: |  1  2  3  4  5 |
---------------+----------------+-----
Fighting       | 4 5 6 7 |  7.1
Axes           | 3 4 5 |  5.9
Armour         | 3 4 5 6 |  6.6
Dodging        | 2 3 4 5 |  5.0

Action                   |  1- 3 |  4- 6 || total
-------------------------+-------+-------++-------
Melee: Hand axe          |     9 |    28 ||    37
Invok: Berserk           |     1 |     1 ||     2
Armor: Animal skin       |     1 |     3 ||     4
Dodge: Dodged            |     2 |    12 ||    14
